 Dungeon Crawl Stone Soup version 0.20.1-1-g8b1a95d (webtiles) character file.

83 jmlagarto the Skirmisher (level 4, -1/40 HPs)
             Began as a Draconian Abyssal Knight on Aug 18, 2017.
             Was a Believer of Lugonu.
             Slain by an orc (2 damage)
             ... on level 3 of the Dungeon.
             The game lasted 00:19:55 (1500 turns).

jmlagarto the Skirmisher (Draconian Abyssal Knight) Turns: 1500, Time: 00:19:56

Health: -1/40      AC:  5    Str: 16    XL:     4   Next: 22%
Magic:  6/6        EV: 12    Int: 12    God:    Lugonu [**....]
Gold:   144        SH:  0    Dex: 10    Spells: 1/3 levels left

rFire    . . .     SeeInvis +   a - +1 mace
rCold    . . .     Gourm    .   (no shield)
rNeg     . . .     Faith    .   (armour unavailable)
rPois    .         Spirit   .   (helmet restricted)
rElec    .         Reflect  .   (no cloak)
rCorr    .         Harm     .   (no gloves)
MR       .....                  (no boots)
Stlth    +.........             (no amulet)
Regen    0.2/turn               o - ring of see invisible
MPRegen  0.1/turn               (no ring)

@: no status effects
A: unfitting armour, cold-blooded, AC +5
a: Depart the Abyss, Bend Space, Renounce Religion


You were on level 3 of the Dungeon.
You worshipped Lugonu.
Lugonu was pleased with you.
You were not hungry.

You visited 1 branch of the dungeon, and saw 3 of its levels.
You visited the Abyss 1 time.

You collected 144 gold pieces.

Inventory:

Hand Weapons
 a - a +1 mace (weapon)
Jewellery
 o - a ring of see invisible (left hand)
Scrolls
 g - a scroll of enchant armour
Potions
 j - 2 potions of brilliance {unknown}
Books
 m - a book of Maledictions

   Spells                             Type                      Level
   a - Corona                         Hexes                        1
   b - Ensorcelled Hibernation        Hexes/Ice                    2
   c - Confuse                        Hexes                        3
   d - Tukima's Dance                 Hexes                        3
   e - Dazzling Spray                 Conjuration/Hexes            3
Comestibles
 b - 2 bread rations
 c - 2 royal jellies
 d - a meat ration
 q - a chunk of flesh


   Skills:
 + Level 3.7 Fighting
 + Level 2.6 Maces & Flails
 + Level 3.0 Dodging
 + Level 3.1 Invocations


You had one spell level left.
You knew the following spells:

 Your Spells              Type           Power        Failure   Level  Hunger
a - Ensorcelled Hibernat  Hex/Ice        #.....       45%         2    ###....


Dungeon Overview and Level Annotations

Branches:
Dungeon (3/15)

Altars:
Nemelex Xobeh
Zin


Innate Abilities, Weirdness & Mutations

Your plain brown scales are hard. (AC +5)
You cannot fit into any form of body armour.
You are cold-blooded and may be slowed by cold attacks.


Message History

The goblin hits you with a mace.
* * * LOW HITPOINT WARNING * * *
The jackal barely misses you.
You feel sick. The jackal closely misses you.
The goblin hits you but does no damage.
Wield which item (- for none, * to show all)? (? for menu, Esc to quit)
Okay, then.
It was a potion of curing.
You feel better. The jackal bites you.
* * * LOW HITPOINT WARNING * * *
The orc hits you.
* * * LOW HITPOINT WARNING * * *
The goblin hits you with a mace!
* * * LOW HITPOINT WARNING * * *
The jackal closely misses you.
You hit the orc.
The orc is lightly wounded.
The orc hits you but does no damage. The jackal bites you.
* * * LOW HITPOINT WARNING * * *
The goblin closely misses you. The orc hits you.
You die...

#### #.. #####.#
#...#.#### # #
#........#.# #.
##...#.##.#.# # ..
#...........# #. #
#.##@#.##.##<###
##.##.#..goh.##......#
......####h####.##)#.##
....$..##.......##....#
#####...).......##....#
#...#..##.......###...#
#...#_.#........####.##
#...#..#..........>..#
#####...........####.#


You could see an orc, 2 jackals and a goblin.

Vanquished Creatures
  4 adders
  4 worms
  3 leopard geckos
  A giant cockroach (D:2)
  5 hobgoblins
  3 jackals
  2 quokkas (D:2)
  A bat (D:2)
  2 frilled lizards
  A goblin (D:2)
  3 kobolds
  4 rats
33 creatures vanquished.

Notes
Turn   | Place    | Note
-------+----------+-------------------------------------------
     0 | Abyss:1  | jmlagarto the Draconian Abyssal Knight began the quest for the Orb.
     0 | Abyss:1  | Reached XP level 1. HP: 19/19 MP: 2/2
     1 | D:1      | Escaped the Abyss
     7 | D:1      | Noticed an electric eel
    11 | D:1      | Noticed an electric eel
   103 | D:1      | Reached * piety under Lugonu
   194 | D:1      | You fall through a shaft!
   205 | D:2      | Reached XP level 2. HP: 22/26 MP: 3/3
   514 | D:2      | Reached XP level 3. HP: 21/31 MP: 4/4
   751 | D:2      | Found a sparkling altar of Nemelex Xobeh.
   774 | D:2      | Learned a level 2 spell: Ensorcelled Hibernation
  1281 | D:3      | Found a glowing silver altar of Zin.
  1288 | D:3      | Noticed an angel
  1302 | D:3      | Reached XP level 4. HP: 18/39 MP: 6/6
  1483 | D:3      | Reached ** piety under Lugonu
  1500 | D:3      | HP: 1/40 [jackal (2)]
  1500 | D:3      | Slain by an orc

Skill      XL: |  1  2  3  4 |
---------------+-------------+-----
Invocations    | 3 |  3.1
Dodging        | 3 |  3.0
Fighting       | |  3.7
Maces & Flails | |  2.6

Action                   |  1- 3 |  4- 6 || total
-------------------------+-------+-------++-------
Melee: Mace              |    99 |    17 ||   116
       Tailslap          |    10 |     2 ||    12
Invok: Depart the Abyss  |     1 |       ||     1
  Use: Scroll            |     8 |       ||     8
       Potion            |     1 |     2 ||     3
  Eat: Meat ration       |     1 |       ||     1
Armor: Skin              |    27 |    24 ||    51
Dodge: Dodged            |    72 |    53 ||   125
